 Dungeon Crawl Stone Soup version 0.20-a0-548-g4f8a798 (webtiles) character file.

723 Kwzr the Covered (level 7, -4/44 HPs)
             Began as a Gargoyle Fighter on Feb 1, 2017.
             Killed from afar by an orc wizard (10 damage)
             ... with a puff of flame
             ... on level 4 of the Dungeon.
             The game lasted 00:08:38 (3223 turns).

Kwzr the Covered (Gargoyle Fighter)                 Turns: 3223, Time: 00:08:39

Health: -4/44      AC: 21    Str: 22    XL:     7   Next: 71%
Magic:  7/7        EV:  6    Int:  8    God:
Gold:   238        SH:  9    Dex:  9    Spells: 6/6 levels left

rFire    . . .     SeeInvis .   a - +0 flail
rCold    + . .     Gourm    .   x - +3 chain mail {rC+}
rNeg     + . .     Faith    .   c - +0 shield
rPois    ∞         Spirit   .   (no helmet)
rElec    +         Reflect  .   (no cloak)
rCorr    .         Harm     .   E - +2 pair of gloves
MR       .....                  (no boots)
Stlth    ..........             (no amulet)
Regen    0.2/turn               (no ring)
                                (no ring)

@: no status effects
A: negative energy resistance 1, electricity resistance, unbreathing,
petrification resistance, rot immunity, AC +4
a: no special abilities


You were on level 4 of the Dungeon.
You were not hungry.

You visited 1 branch of the dungeon, and saw 4 of its levels.

You collected 238 gold pieces.

Inventory:

Hand Weapons
 a - a +0 flail (weapon)
Missiles
 o - 11 tomahawks (quivered)
Armour
 b - a +0 scale mail
 c - a +0 shield (worn)
 k - a +0 chain mail
 l - a +0 plate armour
 n - a cursed +0 leather armour
 x - a +3 chain mail of cold resistance (worn)
 E - a +2 pair of gloves (worn)
Scrolls
 e - 6 scrolls of identify {unknown}
 g - 2 scrolls of recharging {unknown}
 i - 2 scrolls of enchant armour {unknown}
 p - a scroll of blinking {unknown}
 q - a scroll of magic mapping {unknown}
 y - a scroll of remove curse {unknown}
 A - a scroll of random uselessness {unknown}
 C - a scroll of teleportation {unknown}
Potions
 d - 2 potions of might
 h - 2 potions of agility {unknown}
 j - a potion of heal wounds {unknown}
 r - a potion of mutation {unknown}
 u - a potion of resistance {unknown}
 v - a potion of haste {unknown}
 w - a potion of beneficial mutation {unknown}
 z - a potion of berserk rage {unknown}
 D - a potion of degeneration {unknown}
Comestibles
 f - 3 bread rations
 m - 2 royal jellies
 s - a meat ration
 t - 4 fruits


   Skills:
 * Level 5.5 Fighting
 * Level 4.7 Maces & Flails
 * Level 5.8 Armour
 + Level 2.1 Dodging
 - Level 4.0 Shields


You had 6 spell levels left.
You didn't know any spells.

Dungeon Overview and Level Annotations

Branches:
Dungeon (4/15)
 Temple: D:4-7

Altars:
Ru


Innate Abilities, Weirdness & Mutations

You are resistant to torment.
Your stone body is resilient. (AC +4)
You are immune to poison.
You resist negative energy. (rN+)
You are resistant to electric shocks. (rElec)
You can survive without breathing.
You are immune to petrification.
You are immune to rotting.


Message History

You hear some strange, mumbled words.
A puff of frost appears from out of thin air!
The puff of frost hits you!
You hear some strange, mumbled words.
You see here a dagger.
Things that are here:
a hand axe; a scale mail; an orc corpse Something hits you but does no damage.
Something hits you but does no damage.
A magic dart appears from out of thin air!
The magic dart hits you!
You hear some strange, mumbled words.
A puff of frost appears from out of thin air!
The puff of frost hits you! You resist.
* * * LOW HITPOINT WARNING * * *
Something hits you but does no damage.
You hear some strange, mumbled words.
A puff of flame appears from out of thin air!
The puff of flame hits you!
You die...

#.#..)).o..#
#.#o#####.##
#.#.....#.# .#
#.#.###.#Z# .#
#.#.....#.# .#
#.#.#####.##.#
#..........#<#
#####...####.#
+.Z.@..†.######
#...#..........
#...#...#########
#####...........#
#....######.#
#......# #.#
#......# #.#
#....... #.#
#........ #.#


You could see a bullfrog skeleton.

Vanquished Creatures
  The ghost of Lahna the Cudgeler, a novice MiMo (D:4)
  The ghost of Vesto the Skirmisher, an amateur DsFi (D:3)
  An orc priest (D:4)
  3 hounds (D:4)
  Terence (D:3)
  A worker ant (D:4)
  6 adders
  An ooze (D:3)
  3 worms (D:3)
  2 dart slugs
  3 leopard geckos
  7 orcs
  7 bats
  4 giant cockroaches
  4 goblins
  10 hobgoblins
  7 jackals
  4 quokkas
  A ball python (D:3)
  6 frilled lizards
  5 kobolds
  4 rats
82 creatures vanquished.

Notes
Turn   | Place    | Note
-------+----------+-------------------------------------------
     0 | D:1      | Kwzr the Gargoyle Fighter began the quest for the Orb.
     0 | D:1      | Reached XP level 1. HP: 14/14 MP: 1/1
   146 | D:1      | Reached XP level 2. HP: 16/19 MP: 2/2
   816 | D:1      | Reached XP level 3. HP: 23/23 MP: 3/3
  1421 | D:2      | Reached XP level 4. HP: 28/28 MP: 4/4
  2121 | D:3      | Reached XP level 5. HP: 33/33 MP: 5/5
  2178 | D:3      | Noticed Terence
  2198 | D:3      | Killed Terence
  2577 | D:3      | Noticed Vesto's ghost (amateur DsFi)
  2596 | D:3      | Killed Vesto's ghost
  2596 | D:3      | Reached skill level 1 in Dodging
  2596 | D:3      | Reached XP level 6. HP: 26/39 MP: 6/6
  2633 | D:3      | Found a sacrificial altar of Ru.
  2816 | D:4      | Noticed Lahna's ghost (novice MiMo)
  2859 | D:4      | Killed Lahna's ghost
  2859 | D:4      | Reached skill level 5 in Fighting
  2859 | D:4      | Reached skill level 5 in Armour
  2859 | D:4      | Reached XP level 7. HP: 27/44 MP: 7/7
  3223 | D:4      | Killed from afar by an orc wizard

Vault maps used:
D:1:      lemuel_arrival_river_ford, grunt_decor_mini_mirrors
D:2:      minivault_27
D:3:      nicolae_ru_the_path_less_chosen, uniq_terence
D:4:      uniq_menkaure

Skill      XL: |  1  2  3  4  5  6  7 |
---------------+----------------------+-----
Shields        | 4 |  4.0
Armour         | 4 5 |  5.8
Fighting       | 4 5 |  5.5
Maces & Flails | 3 4 |  4.7
Dodging        | 1 2 |  2.1

Action                   |  1- 3 |  4- 6 |  7- 9 || total
-------------------------+-------+-------+-------++-------
Melee: Flail             |   139 |   285 |    55 ||   479
Throw: Tomahawk          |     7 |     2 |       ||     9
  Eat: Chunk             |     1 |     5 |     3 ||     9
Armor: Scale mail        |    17 |       |       ||    17
       Plate armour      |   103 |   120 |       ||   223
       Chain mail        |     7 |    83 |    38 ||   128
Dodge: Dodged            |    32 |    62 |     8 ||   102
Block: Shield            |    85 |   144 |    34 ||   263
